 Dungeon Crawl Stone Soup version 0.19-a0 (webtiles) character file.

16694 varam the Nimble (level 12, -8/122 HPs)
             Began as a Troll Monk on Apr 27, 2016.
             Mangled by a minotaur
             ... wielding a +6 rod of shadows (4/14)
              (27 damage)
             ... in a labyrinth.
             The game lasted 01:47:41 (12870 turns).

varam the Nimble (Troll Monk)                      Turns: 12870, Time: 01:47:41

Health: -8/122     AC:  7    Str: 21 (22) XL:     12   Next: 12%
Magic:  11/11      EV: 26    Int:  5 (6)  God:
Gold:   585        SH:  4    Dex: 20 (21) Spells: 1 memorised, 9 levels left

rFire  x . .     SeeInvis .       - Unarmed
rCold  + . .     Gourm    +     Q - +1 robe {rN+}
rNeg   + . .     Faith    .     (no shield)
rPois  .         Spirit   .     (helmet restricted)
rElec  .         Dismiss  .     v - +0 cloak
rCorr  .         Reflect  +     (gloves unavailable)
SustAt .         Harm     .     (boots unavailable)
MR     +....     Clarity  +     j - +4 amulet of reflection
Stlth  +++.......               (no ring)
                                w - ring of ice

@: agile, very slightly contaminated, hasted, very quick, somewhat resistant to
hostile enchantments, fairly stealthy
A: unfitting armour, claws 3, hooves 1, horns 1, repulsion field 1, clarity,
deterioration 1, fast metabolism 3, gourmand, magic resistance 1, regeneration
2, shaggy fur 1, tough skin 2
a: no special abilities


You were in a labyrinth.
You were not hungry.

You visited 3 branches of the dungeon, and saw 17 of its levels.
You also visited: Labyrinth and Ice Cave.

You collected 585 gold pieces.

Inventory:

Hand Weapons
 c - the +6 hand axe of Cowardice {speed, rElec Int+4, unknown}
   (You found it on level 4 of the Dungeon)

   Attacks with this weapon are significantly faster.
   It affects your intelligence (+4).
   It insulates you from electricity.
 J - the +2 spear of Eternal Harmony {flame, rF+ rN++ Int+4 Dex-2, unknown}
   (You found it on level 4 of the Lair of Beasts)

   It has been specially enchanted to burn those struck by it, causing extra
   injury to most foes and up to half again as much damage against particularly
   susceptible opponents.
   It affects your intelligence (+4).
   It affects your dexterity (-2).
   It protects you from fire.
   It greatly protects you from negative energy.
Armour
 a - a +0 robe
 v - a +0 cloak (worn)
 Q - a +1 robe of positive energy (worn)
Jewellery
 j - a +4 amulet of reflection (around neck)
 w - a ring of ice (left claw)
 x - the ring "Zodde" {rPois Str+3, unknown}
   (You found it on level 5 of the Lair of Beasts)

   [ring of strength]

   It affects your strength (+3).
   It protects you from poison.
Wands
 D - a wand of acid (9/15)
 K - a wand of random effects (23/48)
 L - a wand of flame (28/48)
 T - a wand of flame (14/48)
Scrolls
 e - a scroll of brand weapon {unknown}
 f - 2 scrolls of magic mapping
 l - 2 scrolls of immolation
 m - a scroll of enchant armour
 n - 4 scrolls of remove curse
 o - 3 scrolls of amnesia
 q - a scroll of noise
 t - 2 scrolls of random uselessness
 E - 2 scrolls of silence
 F - 2 scrolls of enchant weapon
 M - a scroll of fog
 O - a scroll of recharging
 R - a scroll of teleportation
Potions
 g - 2 potions of resistance
 h - 3 potions of invisibility
 i - 2 potions of curing
 k - a potion of mutation
 u - a potion of lignification
 z - a potion of degeneration {unknown}
 A - 2 potions of agility
 B - a potion of beneficial mutation {unknown}
 G - a potion of flight {unknown}
 H - a potion of haste
 N - 2 potions of heal wounds {unknown}
 V - a potion of ambrosia {unknown}
Books
 p - a Necronomicon

   Spells                             Type                      Level
   a - Haunt                          Necromancy/Summoning         7
   b - Borgnjor's Revivification      Necromancy                   8
   c - Death's Door                   Charms/Necromancy            8
   d - Necromutation                  Transmutation/Necromancy     8
 r - a book of Annihilations

   Spells                             Type                      Level
   a - Poison Arrow                   Conjuration/Poison           6
   b - Chain Lightning                Conjuration/Air              8
   c - Lehudib's Crystal Spear        Conjuration/Earth            8
   d - Glaciate                       Conjuration/Ice              9
   e - Fire Storm                     Conjuration/Fire             9
 y - a book of Cantrips

   Spells                             Type                      Level
   a - Corona                         Hexes                        1
   b - Animate Skeleton               Necromancy                   1
   c - Summon Small Mammal            Summoning                    1
   d - Apportation                    Translocation                1
 I - a book of Frost

   Spells                             Type                      Level
   a - Freeze                         Ice                          1
   b - Throw Frost                    Conjuration/Ice              2
   c - Ozocubu's Armour               Charms/Ice                   3
   d - Throw Icicle                   Conjuration/Ice              4
   e - Summon Ice Beast               Ice/Summoning                4
 S - a book of Spatial Translocations

   Spells                             Type                      Level
   a - Apportation                    Translocation                1
   b - Blink                          Translocation                2
   c - Shroud of Golubria             Charms/Translocation         2
   d - Portal Projectile              Translocation                3
   e - Teleport Other                 Translocation                3
   f - Passage of Golubria            Translocation                4
Miscellaneous
 C - a plain deck of war
Comestibles
 b - 12 bread rations
 d - 2 meat rations


   Skills:
 + Level 8.5 Fighting
 * Level 11.6 Dodging
 - Level 1.1 Stealth
 + Level 10.5 Unarmed Combat
 + Level 3.8 Translocations


You had 9 spell levels left.
You knew the following spells:

 Your Spells              Type           Power        Failure   Level  Hunger
a - Blink                 Tloc           N/A          21%         2    ###....


Dungeon Overview and Level Annotations

Branches:
Dungeon (10/15)            Temple (1/1) D:6            Lair (6/8) D:9
 Shoals (0/4) Lair:6        Slime (0/6) Lair:6
  Snake: Lair:3-6    Spider: Lair:3-6       Orc: D:9-12

Altars:
Ashenzari
Cheibriados
Dithmenos
Fedhas
Gozag
Kikubaaqudgha
Makhleb
Nemelex Xobeh
Okawaru
Pakellas
Qazlal
Ru
Sif Muna
Trog
Vehumet
Xom
Yredelemnul
Zin
The Shining One

Shops:
D:6 *?*%


Innate Abilities, Weirdness & Mutations

You are too large for most types of armour.
You have claws for hands.
Your metabolism is lightning-fast.
You like to eat raw meat.
You heal very quickly.
You are covered in fur (AC +1).
You have very tough skin (AC +2).
You have large cloven feet.
You have a pair of small horns on your head.
You are surrounded by a mild repulsion field (EV +2).
You possess an exceptional clarity of mind.
Your body sometimes deteriorates upon taking damage.
You are resistant to hostile enchantments.


Message History

You kick the minotaur, but do no damage.
The minotaur is lightly wounded.
The iguana misses you.
The minotaur hits you with a rod of shadows!!
* * * LOW HITPOINT WARNING * * *
Your body deteriorates!
You feel clumsy. The minotaur closely misses you.
You scratch the minotaur but do no damage.
You headbutt the minotaur, but do no damage.
You claw the minotaur, but do no damage.
The minotaur is lightly wounded.
The minotaur misses you. x2
The deep elf mage casts a spell.
The deep elf mage blinks!
You scratch the minotaur but do no damage.
You kick the minotaur, but do no damage.
The minotaur is lightly wounded.
The iguana bites you but does no damage.
The minotaur hits you with a rod of shadows!!
You die...

. #...#
# ###. #
.#.###.#
. . #.
.. ..
..... .
. # # #
. ######
#### .#
. ... #.
.. ...#
# .. #
#.# #..#
#.##
##.# # #
...# .
#.#
#.e.#
#..# #.
# # #
#.#.#.#.
# #.. #
# #
#.#@l.#
.. ## .
# #
##H## #
## .....
# ยง.# .
. # #
#.# .
..# .# .
.##. .#.
. .. .#.
###..# #
# # ## #
# . .. .
... .#


You could see a minotaur, a deep elf mage and an iguana.

Vanquished Creatures
  A hydra (Lair:5)
  An ugly thing (D:8)
  The ghost of Loki the Grappler, a novice TrWr of Cheibriados (D:8)
  3 black mambas
  Joseph (D:6)
  Psyche (D:8)
  A torpor snail (Lair:6)
  A centaur skeleton (D:7)
  5 spiny frogs
  2 freezing wraiths (IceCv)
  5 blink frogs (Lair:1)
  The ghost of graki42 the Magician, an amateur DEFE (D:4)
  A spriggan (Lair:6)
  10 yaks
  A hungry ghost (D:8)
  A basilisk (Lair:4)
  2 hippogriffs (Lair:3)
  A death yak simulacrum (IceCv)
  4 nagas (Lair:4)
  3 porcupines
  3 water moccasins
  16 ice beasts
  A sky beast (D:6)
  An alligator simulacrum (IceCv)
  2 orc warriors
  A black bear (Lair:6)
  2 wasps
  5 ogres
  A phantom (D:6)
  5 centaurs
  2 wolves (Lair:6)
  6 crocodiles
  9 giant frogs
  4 scorpions
  A howler monkey (D:8)
  5 crimson imps
  A giant frog zombie (D:7)
  2 hounds
  A jelly (Lair:6)
  Crazy Yiuf (D:3)
  4 orc priests
  8 iguanas
  Ijyb (D:3)
  18 orc wizards
  2 worker ants (D:7)
  2 polar bear simulacra (IceCv)
  A killer bee zombie (D:5)
  8 sheep
  A hound zombie (D:8)
  A hound skeleton (D:5)
  2 gnolls (D:5)
  9 adders
  28 river rats
  2 shadow imps (D:7)
  5 white imps (IceCv)
  2 oozes (Lair:6)
  An adder zombie (D:7)
  An adder skeleton (D:4)
  A worm (D:3)
  5 dart slugs
  2 giant geckos
  62 orcs
  3 giant cockroaches
  8 goblins
  12 hobgoblins
  7 jackals
  2 quokkas
  3 ball pythons
  10 bats
  A giant gecko skeleton (D:6)
  9 giant newts
  7 kobolds
  A quokka skeleton (D:4)
  A quokka zombie (D:8)
  7 rats
352 creatures vanquished.

Vanquished Creatures (others)
  Erica (D:8)
  A deep elf knight (D:3)
  An orc (D:7)
  2 fungi (Lair:3)
5 creatures vanquished.

Grand Total: 357 creatures vanquished

Notes
Turn   | Place    | Note
--------------------------------------------------------------
     0 | D:1      | varam the Troll Monk began the quest for the Orb.
     0 | D:1      | Reached XP level 1. HP: 22/22 MP: 0/0
   149 | D:1      | Reached XP level 2. HP: 24/29 MP: 1/1
   328 | D:1      | Reached skill level 3 in Dodging
   761 | D:1      | Found a shattered altar of Ashenzari.
   950 | D:2      | Reached XP level 3. HP: 34/36 MP: 2/2
  1011 | D:2      | Found a glowing golden altar of the Shining One.
  1373 | D:2      | Reached XP level 4. HP: 22/44 MP: 3/3
  1621 | D:2      | Found a bloodstained altar of Trog.
  1999 | D:3      | Reached XP level 5. HP: 38/53 MP: 4/4
  2067 | D:3      | Noticed Ijyb
  2085 | D:3      | Killed Ijyb
  2337 | D:3      | Noticed Crazy Yiuf
  2344 | D:3      | Killed Crazy Yiuf
  2344 | D:3      | Reached skill level 4 in Dodging
  2465 | D:3      | Found an oddly glowing altar of Pakellas.
  2471 | D:3      | Noticed a deep elf knight
  2479 | D:3      | Killed a deep elf knight
  2768 | D:4      | Noticed graki42's ghost (amateur DEFE)
  3049 | D:4      | Noticed an ogre
  3136 | D:5      | Entered Level 5 of the Dungeon
  3247 | D:5      | Reached skill level 5 in Unarmed Combat
  3334 | D:5      | Noticed an ice beast
  3358 | D:5      | Killed an ice beast
  3358 | D:5      | Reached XP level 6. HP: 35/61 MP: 5/5
  3889 | D:5      | Found a glowing golden altar of the Shining One.
  4000 | D:5      | Reached skill level 5 in Dodging
  4000 | D:5      | Reached XP level 7. HP: 40/68 MP: 6/6
  4509 | D:6      | Found a basalt altar of Yredelemnul.
  4519 | D:6      | Found Erosy's General Store.
  4891 | D:6      | Found Raer's Food Emporium.
  4896 | D:6      | Reached skill level 6 in Dodging
  4896 | D:6      | Reached XP level 8. HP: 79/79 MP: 7/7
  4932 | D:6      | Found a staircase to the Ecumenical Temple.
  4939 | Temple   | Entered the Ecumenical Temple
  5363 | D:6      | Found Cudin's Magic Scroll Emporium.
  6023 | D:6      | Found Dotzeat's General Store.
  6123 | D:7      | Reached skill level 5 in Fighting
  6224 | D:7      | Noticed Joseph
  6264 | D:5      | Reached skill level 7 in Dodging
  6578 | D:4      | Killed graki42's ghost
  6757 | D:4      | Got a warped hand axe
  6918 | D:5      | Reached XP level 9. HP: 39/88 MP: 8/8
  7353 | D:6      | Killed Joseph
  7394 | D:6      | Gained mutation: You possess an exceptional clarity of mind. [mutagenic meat]
  7395 | D:6      | Gained mutation: Scrolls take you a little longer to read. [mutagenic meat]
  7396 | D:6      | Gained mutation: You have a pair of small horns on your head. [mutagenic meat]
  7397 | D:6      | Gained mutation: You have large cloven feet. [mutagenic meat]
  7564 | D:7      | Reached skill level 8 in Dodging
  7776 | D:7      | Found a snail-covered altar of Cheibriados.
  8838 | D:8      | Reached skill level 9 in Dodging
  8838 | D:8      | Reached XP level 10. HP: 95/100 MP: 9/9
  8850 | D:8      | Noticed Loki's ghost (novice TrWr)
  8858 | D:8      | Killed Loki's ghost
  9054 | D:8      | Noticed a green ugly thing
  9064 | D:8      | Killed a green ugly thing
  9085 | D:8      | Gained mutation: Your body sometimes deteriorates upon taking damage. [mutagenic meat]
  9086 | D:8      | Lost mutation: Scrolls take you a little longer to read. [mutagenic meat]
  9087 | D:8      | Gained mutation: You are resistant to hostile enchantments. [mutagenic meat]
  9088 | D:8      | Gained mutation: You are surrounded by a mild repulsion field (EV +2). [mutagenic meat]
  9204 | D:8      | Noticed Psyche
  9204 | D:8      | Noticed Erica
  9227 | D:8      | Killed Erica
  9603 | D:8      | Killed Psyche
  9812 | D:9      | Found a staircase to the Lair.
  9824 | Lair:1   | Entered Level 1 of the Lair of Beasts
  9886 | Lair:1   | Reached skill level 10 in Dodging
 10257 | D:9      | Found a radiant altar of Vehumet.
 10340 | D:9      | Learned a level 2 spell: Blink
 10354 | D:10     | Entered Level 10 of the Dungeon
 10390 | Lair:2   | Noticed a spiny frog
 10498 | Lair:2   | Reached XP level 11. HP: 87/109 MP: 10/10
 10811 | Lair:3   | Reached skill level 1 in Translocations
 10876 | Lair:3   | Found a frozen archway.
 10929 | IceCv    | Entered an ice cave
 11270 | IceCv    | HP: 7/166 [freezing wraith (6)]
 11270 | IceCv    | HP: 2/166 [freezing wraith (5)]
 11275 | IceCv    | Reached skill level 10 in Unarmed Combat
 11577 | Lair:3   | Reached skill level 11 in Dodging
 11732 | Lair:4   | Got a shimmering spear
 12204 | Lair:5   | Noticed a six-headed hydra
 12205 | Lair:5   | Got a vibrating amber ring
 12225 | Lair:5   | Killed a ten-headed hydra
 12349 | Lair:6   | Reached XP level 12. HP: 64/122 MP: 11/11
 12446 | Lair:6   | Found a staircase to the Slime Pits.
 12732 | Lair:6   | Found a labyrinth entrance.
 12750 | Lab      | Entered a labyrinth
 12854 | Lab      | Noticed a minotaur
 12870 | Lab      | Identified a +6 rod of shadows (4/14)
 12870 | Lab      | Mangled by a minotaur

Vault maps used:
D:1:      sevenhm_arrival_forest_fort_large_4, minivault_4, ashenzari_altar_1
D:2:      lightli_temple_of_fire, lemuel_round_altar
D:3:      kennysheep_six_static_rooms, gammafunk_pakellas_spire_experiment,
          uniq_iyjb, uniq_crazy_yiuf_cottage
D:4:      kennysheep_mini, first_bread, kennysheep_generic_room_10
D:5:      basic_altar, amalloy_card_club
D:6:      lemuel_round_altar, minmay_temple_entry_junction, serial_shops, shop,
          nicolae_shop_waterfront, nicolae_shop_window_shopping,
          nicolae_shop_stone
D:7:      minmay_flawed_box, overflow_temple_1_default, uniq_joseph
D:8:      uniq_psyche, uniq_erica
D:9:      vehumet_altar_wand_db, lair_0_dummy, special_room
D:10:     serial_shops, shop, grunt_pizzeria, feat_on_display
Temple:   circular_temple_12
Lair:1:   basic_altar, beast_lair_carwin_11, grunt_megastairs_5, uniq_sonja
Lair:2:   minmay_stone_trees_small, beast_lair_carwin_6, grunt_megastairs_2,
          uniq_harold
Lair:3:   portal_ice_cave_entry_ice_beasts
Lair:4:   minmay_snake_entry_guardpost_medium
Lair:5:   grunt_megastairs_3, uniq_rupert
Lair:6:   minmay_shoals_entry_hut, nicolae_slime_entry_slimehenge,
          lab_entry_generic, grunt_forest_stairs_clearing
Lab:      labyrinth_mini_lab, nicolae_lab_t_cross
IceCv:    ice_cave_small_necro

Skill      XL: |  1  2  3  4  5  6  7  8  9 10 11 |
---------------+----------------------------------+-----
Dodging        | 3 4 5 6 7 9 10 11 | 11.6
Fighting       | 3 4 5 6 7 8 |  8.5
Unarmed Combat | 5 6 7 8 9 10 | 10.5
Translocations | 3 |  3.8
Stealth        | |  1.1

Action                   |  1- 3 |  4- 6 |  7- 9 | 10-12 || total
-------------------------+-------+-------+-------+-------++-------
Melee: Unarmed           |   115 |   243 |   313 |   563 ||  1234
       Punch             |       |     5 |    15 |    29 ||    49
       Headbutt          |       |       |    36 |   121 ||   157
       Kick              |       |       |    30 |   168 ||   198
 Cast: Blink             |       |       |       |     1 ||     1
  Use: Scroll            |       |       |     4 |    18 ||    22
       Potion            |       |       |       |     8 ||     8
 Stab: Sleeping          |     1 |     4 |     1 |     1 ||     7
  Eat: Chunk             |    12 |    30 |    51 |    27 ||   120
       Royal jelly       |       |       |       |     2 ||     2
       Beef jerky        |       |       |       |     2 ||     2
Armor: Robe              |    33 |    66 |    37 |    78 ||   214
Dodge: Dodged            |    55 |   122 |   135 |   428 ||   740
Block: Other             |       |       |    27 |    98 ||   125
       Reflection        |       |       |     4 |     3 ||     7
